 Dungeon Crawl Stone Soup version 0.27-a0-101-g3cb999cee2 (webtiles) character file.

Game seed: 9102329614669276986

9500 kae the Grappler (level 11, 0/98 HPs)
             Began as a Troll Monk on Jan 21, 2021.
             Was an Elder of Hepliaklqana.
             Slain by an ettin
             ... wielding a +2 great mace of draining
              (10 damage)
             ... while petrified by a basilisk
             ... on level 11 of the Dungeon.
             The game lasted 00:12:12 (10256 turns).

kae the Grappler (Troll Monk)                      Turns: 10256, Time: 00:12:13

Health: 0/98       AC:  8    Str: 24    XL:     11   Next: 23%
Magic:  0/14       EV:  1    Int:  6    God:    Hepliaklqana [****..]
Gold:   832        SH:  0    Dex: 12    Spells: 10/10 levels left

rFire    + . .     SeeInvis +     - Unarmed
rCold    + + .     Faith    .   (no shield)
rNeg     + + +     Spirit   +   v - +2 robe {rC+ rF+}
rPois    ∞         Reflect  .   (helmet restricted)
rElec    .         Harm     .   (no cloak)
rCorr    .         Rampage  .   (gloves unavailable)
Will     .....                  (boots unavailable)
Stlth    ++........             i - amulet of guardian spirit
HPRegen  0.66/turn              j - ring of see invisible
MPRegen  0.14/turn              l - ring of protection from cold

@: petrified
A: large, unfitting armour, reduced essence, claws 3, regeneration 1, shaggy fur
1, tough skin 3
a: Renounce Religion, Recall Ancestor, Ancestor Identity, Transference, Idealise


You were on level 11 of the Dungeon.
You worshipped Hepliaklqana.
Hepliaklqana was greatly pleased with you.
You visited 1 branch of the dungeon, and saw 11 of its levels.
You also visited: Bailey.

You collected 832 gold pieces.

Inventory:

Armour
 v - a +2 robe of resistance (worn)
Jewellery
 i - an amulet of guardian spirit (around neck)
 j - a ring of see invisible (left claw)
 l - a ring of protection from cold (right claw)
Wands
 a - a wand of polymorph (7)
 f - a wand of random effects (28)
 u - a wand of digging (6)
 y - a wand of flame (46)
 B - a wand of acid (9)
Scrolls
 b - 10 scrolls of identify
 c - 3 scrolls of remove curse
 e - 3 scrolls of teleportation
 k - 4 scrolls of blinking
 m - 3 scrolls of magic mapping
 q - a scroll of enchant armour
 r - 3 scrolls of immolation
 s - 2 scrolls of fear
 t - a scroll of fog
Potions
 d - 4 potions of mutation
 g - 5 potions of curing
 h - a potion of might
 n - 2 potions of resistance
 o - a potion of heal wounds
 p - a potion of cancellation
 w - 5 potions of brilliance
 x - 2 potions of flight
 z - 2 potions of lignification


   Skills:
 + Level 7.4 Fighting
 + Level 7.4 Dodging
 - Level 1.0 Stealth
 * Level 11.9 Unarmed Combat
 + Level 5.5 Invocations


You had 10 spell levels left.
You didn't know any spells.
Your spell library contained the following spells:

 Spells                   Type           Power        Failure   Level
 Corona                   Hex            0%           45%         1
 Shock                    Conj/Air       0%           45%         1
 Ensorcelled Hibernation  Hex/Ice        0%           58%         2
 Swiftness                Air            0%           58%         2
 Confusing Touch          Hex            0%           83%         3
 Dazzling Flash           Conj/Hex       0%           83%         3
 Static Discharge         Conj/Air       0%           83%         3
 Tukima's Dance           Hex            0%           83%         3
 Airstrike                Air            0%           99%         4
 Lightning Bolt           Conj/Air       0%           100%        5


Dungeon Overview and Level Annotations

Branches:
Dungeon (11/15)            Temple (0/1) D:7            Lair (0/6) D:10
    Orc (0/2) D:10         Bailey (visited)

Altars:
Ashenzari
Hepliaklqana
Makhleb
Uskayaw

Annotations:
D:6 2 transporters, emiel's ghost, novice TrDe


Innate Abilities, Weirdness & Mutations

You are too large for most types of armour.
You have claws for hands.
Your natural rate of healing is unusually fast.
You are covered in fur. (AC +1)
You have extremely tough skin. (AC +3)
Your life essence is reduced to manifest your ancestor. (-10% HP)


Message History

* * * LOW HITPOINT WARNING * * *
You turn to flesh and can move again.
Unknown command.
Unknown command.
Unknown command.
Okay, then.
As you read the scroll of fear, it crumbles to dust.
You assume a fearsome visage.
The ettin looks frightened!
The basilisk looks frightened!
Cornered, the basilisk turns to fight!
The basilisk gazes at you.
You are slowing down.
Unknown command.
Unknown command.
Your limbs are stiffening.
You have turned to stone.
The ettin hits you with a +2 great mace of draining!!!
* * * LOW HITPOINT WARNING * * *
The ettin hits you with a +0 dire flail!!
You die...

### ##### #..
######.C..# #.#
#.#.l.##########.#
#.####..#......#.##
#.###C########...<##
#..###@# #.....####
###.#.#.# #....))...
#.......# #.....####
#######.# ##...##
#.# ######.##
#.####......#
#...>..######
#.###### #.#


You could see an ettin.

Vanquished Creatures
  A boulder beetle (D:9)
  Erica (D:9)
  Pikel (D:4)
  2 orc knights (Bailey)
  Psyche (D:9)
  A gargoyle (D:10)
  Grinder (D:6)
  Prince Ribbit (D:6)
  Sigmund (D:4)
  A wraith (D:10)
  A wyvern (D:9)
  Grum (D:9)
  8 orc warriors
  2 black bears
  3 sky beasts
  A phantom (D:10)
  An ogre (D:8)
  2 wolves (D:9)
  2 centaurs
  2 big kobolds
  5 bullfrogs
  4 scorpions
  11 killer bees
  5 wights (D:7)
  A centaur zombie (D:5)
  A bullfrog zombie (D:8)
  3 hounds
  9 orc priests
  3 jellies
  10 orc wizards
  2 centaur skeletons
  A bullfrog skeleton (D:4)
  An iguana (D:8)
  6 worker ants
  A hound zombie (D:10)
  4 hound skeletons
  13 adders
  2 white imps
  3 ufetubi
  An ooze (D:5)
  An adder zombie (D:10)
  5 worms
  A dart slug (D:2)
  6 leopard geckos
  38 orcs
  7 giant cockroaches
  16 goblins
  12 hobgoblins
  13 jackals
  2 quokkas
  15 bats
  4 frilled lizards
  A jackal zombie (D:5)
  18 kobolds
  A leopard gecko skeleton (D:6)
  A quokka skeleton (D:5)
  7 rats
268 creatures vanquished.

Vanquished Creatures (collateral kills)
  A hornet (D:7)
  A centaur (D:8)
  2 killer bees (D:9)
  A howler monkey (D:6)
  A quasit (D:8)
  An orc wizard (D:10)
  A killer bee zombie (D:8)
  A white imp (D:10)
  An ufetubus (D:7)
  A leopard gecko (D:8)
  5 orcs
  A goblin (D:9)
  A jackal (D:8)
  13 kobolds
  A leopard gecko zombie (D:8)
32 creatures vanquished.

Vanquished Creatures (others)
  4 hexers
  12 fungi (D:10)
  8 plants (D:10)
24 creatures vanquished.

Grand Total: 324 creatures vanquished

Notes
Turn   | Place    | Note
-------+----------+-------------------------------------------
     0 | D:1      | kae the Troll Monk began the quest for the Orb.
     0 | D:1      | Reached XP level 1. HP: 22/22 MP: 0/0
   219 | D:1      | Reached XP level 2. HP: 29/29 MP: 1/1
   558 | D:1      | Reached XP level 3. HP: 36/36 MP: 2/2
   738 | D:2      | Found a burning altar of Makhleb.
   882 | D:2      | Reached skill level 4 in Unarmed Combat
  1301 | D:2      | Reached XP level 4. HP: 44/44 MP: 3/3
  1598 | D:3      | Reached XP level 5. HP: 38/53 MP: 4/4
  1712 | D:3      | Reached skill level 5 in Unarmed Combat
  1828 | D:3      | Reached XP level 6. HP: 58/60 MP: 5/5
  2612 | D:4      | Reached skill level 6 in Unarmed Combat
  2612 | D:4      | Reached XP level 7. HP: 37/68 MP: 6/6
  2726 | D:4      | Noticed Sigmund
  3028 | D:4      | Noticed Pikel
  3047 | D:4      | Killed Pikel
  3048 | D:4      | Reached skill level 7 in Unarmed Combat
  3048 | D:4      | Reached XP level 8. HP: 56/79 MP: 7/7
  3676 | D:4      | Killed Sigmund
  3714 | D:5      | Entered Level 5 of the Dungeon
  3931 | D:5      | Reached skill level 5 in Fighting
  3931 | D:5      | Reached skill level 5 in Dodging
  3931 | D:5      | Reached skill level 8 in Unarmed Combat
  4569 | D:6      | Found a hazy altar of Hepliaklqana.
  4661 | D:6      | Became a worshipper of Hepliaklqana the Forgotten
  4661 | D:6      | Reached * piety under Hepliaklqana
  4661 | D:6      | Reached ** piety under Hepliaklqana
  4662 | D:6      | Remembered your ancestor Quintus as a hexer
  4746 | D:6      | Noticed Grinder
  4786 | D:6      | Reached skill level 1 in Invocations
  4970 | D:6      | Reached XP level 9. HP: 59/79 MP: 6/8
  5034 | D:6      | Killed Grinder
  5035 | D:6      | Reached skill level 9 in Unarmed Combat
  5104 | D:6      | Noticed Prince Ribbit
  5172 | D:6      | Noticed emiel's ghost (novice TrDe)
  5180 | D:6      | Found a transporter.
  5203 | D:6      | Found a transporter.
  5392 | D:6      | Killed Prince Ribbit
  5806 | D:7      | Found a staircase to the Ecumenical Temple.
  5855 | D:7      | Paralysed by a hornet for 2 turns
  6061 | D:7      | Found a hide-covered altar of Uskayaw.
  6860 | D:8      | Reached *** piety under Hepliaklqana
  6900 | D:8      | Reached skill level 10 in Unarmed Combat
  7683 | D:9      | Noticed a boulder beetle
  7716 | D:9      | Killed a boulder beetle
  7717 | D:9      | Reached XP level 10. HP: 50/90 MP: 5/11
  7816 | D:9      | Found a flagged portal.
  7824 | Bailey   | Entered a bailey
  8081 | Bailey   | Noticed an orc knight
  8081 | Bailey   | Noticed an orc knight
  8099 | Bailey   | Killed an orc knight
  8110 | Bailey   | Killed an orc knight
  8117 | Bailey   | Reached skill level 11 in Unarmed Combat
  8181 | Bailey   | Identified the +5 scimitar of Ixkakh {vorpal, *Rage rElec
                  | Int+5}
  8471 | D:9      | Noticed Grum
  8484 | D:9      | Killed Grum
  8711 | D:9      | Noticed Erica
  8712 | D:9      | Noticed Psyche
  8723 | D:9      | Paralysed by Psyche for 5 turns
  8735 | D:9      | Paralysed by Psyche for 3 turns
  8986 | D:9      | Killed Erica
  8987 | D:9      | Reached skill level 5 in Invocations
  9107 | D:9      | Killed Psyche
  9146 | D:10     | Entered Level 10 of the Dungeon
  9194 | D:10     | Reached XP level 11. HP: 47/98 MP: 5/13
  9280 | D:10     | Found a staircase to the Orcish Mines.
  9541 | D:10     | Found a broken altar of Ashenzari.
  9758 | D:10     | Found a staircase to the Lair.
  9846 | D:10     | Reached **** piety under Hepliaklqana
 10241 | D:11     | Noticed an ettin
 10256 | D:11     | Slain by an ettin

Illustrated notes

Levels and vault maps discovered:
D:1:      giann_forest_graveyard, layout_loops_ring
D:2:      cheibrodos_helix_gallery, layout_loops_ring, bloody_makhleb
D:3:      layout_loops_ring
D:4:      layout_basic, serial_co_window_serial, co_window_of_opportunity_a,
          co_window_corner_a, co_window_of_opportunity_a, co_window_paths_b,
          co_window_paths_a, co_window_of_opportunity_a, co_window_corner_a,
          co_window_corner_b, co_window_corner_b, co_window_of_opportunity_c,
          glass_columns_b, glass_columns_a, glass_columns_b, glass_columns_b,
          glass_columns_c, minmay_increasing_density, uniq_sigmund, uniq_pikel
D:5:      minmay_chambers_of_threes, layout_cave_pools, grunt_ministairs_11
D:6:      layout_basic, gammafunk_ghost_arena, basic_altar, grunt_ministairs_2,
          eino_tiny_chamber, uniq_prince_ribbit1, uniq_grinder
D:7:      layout_basic, general_overflow_altar,
          minmay_temple_entry_statues_pillars
D:8:      layout_gridville, minmay_holes
D:9:      layout_long_grid, enter_bailey_3, nzn_sisyphean_effort, uniq_erica,
          uniq_grum, uniq_psyche
D:10:     layout_irregular_city, grunt_lair_entry_orc_guard_hut, david_orc_2,
          basic_altar
D:11:     minmay_chopped_fan, layout_loops_ring, uniq_urug

Skill      XL: |  1  2  3  4  5  6  7  8  9 10 |
---------------+-------------------------------+-----
Unarmed Combat | 4 5 6 7 8 10 11 | 11.9
Fighting       | 3 4 5 6 7 |  7.4
Dodging        | 3 4 5 6 7 |  7.4
Invocations    | 1 3 5 |  5.5
Stealth        | |  1.0

Action                   |  1- 3 |  4- 6 |  7- 9 | 10-12 || total
-------------------------+-------+-------+-------+-------++-------
Melee: Unarmed           |   124 |   149 |   284 |   207 ||   764
       Punch             |     2 |     2 |     8 |    11 ||    23
Invok: Ancestor Life: He |       |       |     1 |       ||     1
       Ancestor Identity |       |       |     1 |       ||     1
       Transference      |       |       |       |     3 ||     3
Evoke: Wand              |       |       |     2 |     6 ||     8
  Use: Scroll            |       |    10 |    11 |     5 ||    26
       Potion            |       |     2 |     1 |     2 ||     5
 Stab: Sleeping          |     5 |     2 |     2 |     3 ||    12
       Confused          |       |       |     3 |       ||     3
       Distracted        |       |       |     1 |     4 ||     5
Armor: Robe              |    59 |    42 |    66 |    90 ||   257
       Skin              |       |       |     7 |       ||     7
Dodge: Dodged            |    83 |    87 |   121 |   218 ||   509

Table legend: (Time is in decaauts)
 A = Elapsed time spent in this place.
 B = Non-inter-level travel time spent in this place.
 C = Inter-level travel time spent in this place.
 D = Time resting spent in this place.
 E = Time spent auto-exploring this place.
 F = Levels seen in this place.
 G = Mean time per level.
                   A        B        C        D        E       F      G
               +--------+--------+--------+--------+--------+-----+--------+
         Total |  10169 |   9710 |    459 |   1048 |   6948 |  12 |  847.4 |
       Dungeon |   9762 |   9303 |    459 |    916 |   6852 |  11 |  887.5 |
        Bailey |    406 |    406 |      0 |    132 |     96 |   1 |  406.0 |
               +--------+--------+--------+--------+--------+-----+--------+

Top non-repeatable levels by time:
     D:4: 1357 daAuts
     D:6: 1326 daAuts
     D:8: 1162 daAuts
    D:10: 1028 daAuts
     D:7: 967 daAuts
     D:3: 872 daAuts
     D:9: 867 daAuts
     D:1: 734 daAuts
     D:2: 719 daAuts
     D:5: 667 daAuts
  Bailey: 406 daAuts
    D:11: 60 daAuts
